 Dungeon Crawl Stone Soup version 0.29-a0-813-g4a14ea37d6 (webtiles) character file.

Game seed: 16262864695660142647

2166 bande the Chopper (level 9, -2/48 HPs)
             Began as a Gargoyle Fighter on July 5, 2022.
             Slain by an unseen horror (8 damage)
             ... on level 6 of the Dungeon.
             The game lasted 00:16:48 (8355 turns).

bande the Chopper (Gargoyle Fighter)                Turns: 8355, Time: 00:16:49

Health: -2/48      AC: 17    Str: 19    XL:     9   Next: 32%
Magic:  9/9        EV:  7    Int: 19    God:
Gold:   1111       SH: 11    Dex: 12    Spells: 8/8 levels left

rFire   . . .      SeeInvis .   w - +3 war axe
rCold   . . .      Faith    .   c - +1 buckler
rNeg    + . .      Spirit   .   x - +0 chain mail
rPois   ∞          Reflect  +   (no helmet)
rElec   +          Harm     .   (no cloak)
rCorr   .          Rampage  .   (no gloves)
Will    +....                   y - +0 pair of boots
Stlth   ..........              u - amulet of reflection
HPRegen 0.16/turn               q - +6 ring of intelligence
MPRegen 0.11/turn               D - ring of willpower

@: studying Conjurations
A: sickness immunity, AC +6, negative energy resistance 1, electricity
resistance, torment resistance 1, petrification resistance, talons 1, clever 1,
frail 1, subdued magic 1
a: no special abilities


You were on level 6 of the Dungeon.
You visited 1 branch of the dungeon, and saw 7 of its levels.
You also visited: Sewer and Ossuary.

You collected 1111 gold pieces.

Inventory:

Hand Weapons
 a - a +0 war axe of chaos
 t - a +0 hand axe of flaming
 w - a +3 war axe (weapon)
Missiles
 b - a throwing net (quivered)
Armour
 c - a +1 buckler (worn)
 e - a +2 helmet
 x - a +0 chain mail (worn)
 y - a +0 pair of boots (worn)
Jewellery
 m - an amulet of faith
 q - a +6 ring of intelligence (left hand)
 u - an amulet of reflection (around neck)
 C - a ring of wizardry
 D - a ring of willpower (right hand)
Wands
 o - a wand of flame (19)
 s - a wand of iceblast (20)
 G - a wand of light (9)
Scrolls
 f - 4 scrolls of teleportation
 h - 3 scrolls of fog
 j - a scroll of enchant armour
 l - 2 scrolls of magic mapping
 r - a scroll of fear
Potions
 d - a potion of might
 g - 6 potions of curing
 i - a potion of invisibility {unknown}
 k - 3 potions of heal wounds
 n - 2 potions of ambrosia
 p - a potion of berserk rage {unknown}
 v - a potion of magic {unknown}
 z - 3 potions of cancellation
 A - 2 potions of flight {unknown}
 E - a potion of resistance {unknown}


   Skills:
 + Level 5.6 Fighting
 + Level 7.4 Axes
 + Level 6.3 Armour
 + Level 5.4 Shields
 * Level 4.4 Evocations


You had 8 spell levels left.
You didn't know any spells.
Your spell library contained the following spells:

 Spells                   Type           Power      Damage    Failure   Level
 Apportation              Tloc           0%         N/A       93%         1
 Magic Dart               Conj           0%         1d3       93%         1
 Summon Small Mammal      Summ           0%         N/A       93%         1
 Call Imp                 Summ           0%         N/A       98%         2
 Static Discharge         Conj/Air       0%         3-3/arc   98%         2
 Call Canine Familiar     Summ           0%         N/A       100%        3
 Conjure Flame            Conj/Fire      0%         6-21      100%        3
 Ignite Poison            Fire/Tmut/Pois 0%         N/A       100%        3
 Mephitic Cloud           Conj/Pois/Air  0%         N/A       100%        3
 Summon Guardian Golem    Hex/Summ       0%         N/A       100%        3
 Sticky Flame             Conj/Fire      0%         2d3       100%        4
 Alistair's Intoxication  Tmut/Pois      0%         N/A       100%        5
 Freezing Cloud           Conj/Ice/Air   0%         6-21      100%        5
 Lightning Bolt           Conj/Air       0%         1d11      100%        5
 Borgnjor's Revivificati  Necr           0%         N/A       100%        8
 Maxwell's Capacitive Co  Air            0%         ∞         100%        8
 Necromutation            Tmut/Necr      0%         N/A       100%        8
 Death's Door             Necr           0%         N/A       100%        9


Dungeon Overview and Level Annotations

Branches:
Dungeon (7/15)              Sewer (visited)         Ossuary (visited)
 Temple: D:4-7

Altars:
Fedhas
Hepliaklqana
Makhleb
Nemelex Xobeh
Qazlal
Ru
Sif Muna
Uskayaw
Xom
Yredelemnul
Zin
The Shining One


Innate Abilities, Weirdness & Mutations

You are immune to sickness and miasma.
Your stone body is resilient. (AC +6)
You are immune to poison.
You resist negative energy. (rN+)
You are resistant to electric shocks. (rElec)
You are resistant to unholy torment.
You are immune to petrification.
You have sharp toenails.
Your mind is acute. (Int +4, Str/Dex -1)
You are frail. (-10% HP)
Your spells are a little easier to cast, but a little less powerful.


Message History

w - a +3 war axe You block something's attack.
You start resting.
Something hits you. Something hits you but does no damage.
Something hits you but does no damage. You block something's attack.
Something hits you. Something hits you.
* * * LOW HITPOINT WARNING * * *
You see here a +0 scale mail.
You feel much better. Something hits you but does no damage.
Something hits you. Something hits you but does no damage.
You see here a +0 falchion.
Something hits you. Something hits you but does no damage.
Something hits you but does no damage.
w - a +3 war axe (weapon)
Something completely misses you.
You are already wielding that!
Something hits you but does no damage. Something hits you but does no damage.
You barely miss something. Something hits you.
Something hits you but does no damage. You block something's attack.
Something hits you. Something hits you but does no damage.
You block something's attack. Something hits you.
Something hits you but does no damage. You block something's attack.
Something completely misses you. Something hits you but does no damage.
Something hits you!
* * * LOW HITPOINT WARNING * * *
Something hits you but does no damage. Something hits you but does no damage.
You block something's attack. Something hits you!
* * * LOW HITPOINT WARNING * * *
You block something's attack.
You closely miss something. Something hits you!
You die...

.######...######.......##........
#.# #...# #.#.##..##........ .##
#...# #...)...####...... ## #...#
#.#........##..... # #...#
#...[).....####... #...#
#....>..#..# #.## #####...#
#.##.†#.#..####... #...##.##
#.##!............# ###.......####
#@....#.#..####### ..#..........#
#.##.......#
..##......#..###..........#
#.##................#######
.......#.##<.#.#.##.#
#.###........#.#.##.# ..#
#........#.#....#
..###..##'##.#.####.#
...##..#...#.#.####.#


There were no monsters in sight!

Vanquished Creatures
  A gargoyle (D:6)
  A wraith (Ossuary)
  A steam dragon (D:7)
  A black bear (D:6)
  2 centaurs (D:6)
  2 bullfrogs (D:6)
  An elf zombie (Ossuary)
  2 scorpions
  A water moccasin zombie (D:3)
  2 necrophages
  3 wights (D:6)
  A gnoll bouda (D:6)
  A jelly (D:4)
  2 hounds (D:6)
  Natasha (thrice) (D:2)
  An iguana (D:6)
  3 orc wizards
  3 mummies (Ossuary)
  7 gnolls
  8 adders
  5 river rats
  2 white imps
  An ufetubus (D:5)
  An adder zombie (D:3)
  A worm (D:2)
  2 dart slugs
  7 orcs
  8 endoplasms
  5 giant cockroaches
  A gnoll zombie (Ossuary)
  7 goblins
  10 hobgoblins
  A jackal (D:7)
  5 kobolds
  2 quokkas
  7 ball pythons
  A ball python zombie (D:3)
  6 bats
  8 frilled lizards
  3 goblin zombies (Ossuary)
  3 hobgoblin zombies (Ossuary)
  2 kobold zombies (Ossuary)
  10 rats
144 creatures vanquished.

Vanquished Creatures (others)
  An ice beast (D:7)
  A white imp (D:7)
  An orc (D:3)
3 creatures vanquished.

Grand Total: 147 creatures vanquished

Notes
Turn   | Place    | Note
-------+----------+-------------------------------------------
     0 | D:1      | bande the Gargoyle Fighter began the quest for the Orb.
     0 | D:1      | Reached XP level 1. HP: 14/14 MP: 1/1
   322 | D:1      | Reached XP level 2. HP: 19/19 MP: 2/2
   434 | D:1      | Reached skill level 2 in Axes
   523 | D:1      | Found a faded altar of an unknown god.
   872 | D:2      | Reached XP level 3. HP: 23/24 MP: 3/3
   908 | D:2      | Noticed Natasha
   914 | D:2      | Killed Natasha
   962 | D:2      | Reached XP level 4. HP: 29/29 MP: 4/4
  1056 | D:2      | Noticed Natasha
  1060 | D:2      | Killed Natasha
  1061 | D:2      | Reached skill level 3 in Axes
  1069 | D:2      | Noticed Natasha
  1080 | D:2      | Killed Natasha
  1081 | D:2      | Reached XP level 5. HP: 14/33 MP: 5/5
  1955 | D:3      | Reached skill level 4 in Axes
  1955 | D:3      | Reached skill level 1 in Evocations
  1955 | D:3      | Reached XP level 6. HP: 19/38 MP: 6/6
  2437 | D:3      | Found a basalt altar of Yredelemnul.
  2690 | D:3      | Found a shimmering blue altar of Sif Muna.
  3183 | D:4      | Found a stormy altar of Qazlal.
  3632 | D:4      | Reached XP level 7. HP: 30/44 MP: 7/7
  3739 | D:4      | Found a sparkling altar of Nemelex Xobeh.
  3848 | D:4      | Found a blossoming altar of Fedhas.
  3982 | D:4      | Found a glowing golden altar of the Shining One.
  4255 | D:5      | Entered Level 5 of the Dungeon
  4362 | D:5      | Found a glowing drain.
  4379 | Sewer    | Entered a sewer
  4676 | Sewer    | Reached skill level 5 in Axes
  4835 | D:5      | Found a hazy altar of Hepliaklqana.
  4918 | D:5      | Found a hide-covered altar of Uskayaw.
  5547 | D:6      | Found a burning altar of Makhleb.
  5624 | D:6      | Reached skill level 5 in Armour
  5624 | D:6      | Reached XP level 8. HP: 21/48 MP: 8/8
  5656 | D:6      | Found a sand-covered staircase.
  5661 | Ossuary  | Entered an ossuary
  5661 | Ossuary  | Noticed a wraith
  5661 | Ossuary  | Noticed a wraith
  5661 | Ossuary  | Noticed a wraith
  6267 | Ossuary  | Noticed a wraith
  6278 | Ossuary  | Killed a wraith
  6279 | Ossuary  | Reached skill level 6 in Axes
  6682 | D:6      | Reached skill level 5 in Fighting
  6752 | D:6      | Identified a scroll of acquirement
  6752 | D:6      | Acquired 852 gold pieces
  6901 | D:6      | Found a glowing silver altar of Zin.
  7067 | D:6      | Found a shimmering altar of Xom.
  7067 | D:6      | Found a shimmering altar of Xom.
  7067 | D:6      | Found a shimmering altar of Xom.
  7067 | D:6      | Found a shimmering altar of Xom.
  7069 | D:6      | Found a shimmering altar of Xom.
  7070 | D:6      | Found a shimmering altar of Xom.
  7070 | D:6      | Found a shimmering altar of Xom.
  7424 | D:6      | Reached skill level 5 in Shields
  7746 | D:7      | Gained mutation: You have a pair of small antennae on your
                  | head. [potion of mutation]
  7746 | D:7      | Gained mutation: You are frail. (-10% HP) [potion of
                  | mutation]
  7746 | D:7      | Gained mutation: You have a somewhat thin skeletal
                  | structure. (Dex +2, Stealth+) [potion of mutation]
  7746 | D:7      | Gained mutation: Your mind is acute. (Int +4, Str/Dex -1)
                  | [potion of mutation]
  7747 | D:7      | Lost mutation: You have a somewhat thin skeletal structure.
                  | (Dex +2, Stealth+) [potion of mutation]
  7747 | D:7      | Lost mutation: Your mind is acute. (Int +4, Str/Dex -1)
                  | [potion of mutation]
  7747 | D:7      | Gained mutation: Your spells are a little easier to cast,
                  | but a little less powerful. [potion of mutation]
  7747 | D:7      | Lost mutation: You have a pair of small antennae on your
                  | head. [potion of mutation]
  7747 | D:7      | Gained mutation: Your mind is acute. (Int +4, Str/Dex -1)
                  | [potion of mutation]
  7747 | D:7      | Gained mutation: You have sharp toenails. [potion of
                  | mutation]
  7753 | D:7      | Found a sacrificial altar of Ru.
  7798 | D:7      | Reached skill level 7 in Axes
  7798 | D:7      | Reached XP level 9. HP: 22/48 MP: 9/9
  7806 | D:7      | Noticed a gargoyle
  8014 | D:6      | Killed a gargoyle
  8306 | D:7      | Noticed a troll
  8355 | D:6      | Slain by an unseen horror

Illustrated notes

Levels and vault maps discovered:
D:1:      roderic_dead_forest, layout_basic, hellmonk_ecumenical_altar_blasted
D:2:      layout_loops_cross, corner_web_ring,
          nicolae_concentric_dashed_squares_wild,
          amcnicky_mini_rare_corridor_liquid, grunt_ministairs_10,
          chequers_arboretum, uniq_natasha
D:3:      layout_basic, led_sif_book, nicolae_yredelemnul_corpse_copse
D:4:      cheibrodos_helix_gallery, layout_rooms,
          nicolae_qazlal_general_emergency, tso_metal_star,
          nemelex_spade_bored_becter, mainiacjoe_overflow_brackets
D:5:      layout_cave_pods, nicolae_uskayaw_murder_on_the_dancefloor,
          mainiacjoe_overflow_small_starburst, portal_sewer_entry_e
D:6:      nicolae_whirlpool, layout_loops_cross, xom_redecorated,
          makhleb_heckhound_becter, zin_academy, enter_ossuary_2
D:7:      layout_gridville, nicolae_ru_great_annihilating_truth, temple_doors_e,
          minmay_manual_monstrance

Skill      XL: |  1  2  3  4  5  6  7  8  9 |
---------------+----------------------------+-----
Axes           | 2 3 4 5 7 |  7.4
Fighting       | 4 5 |  5.6
Armour         | 4 5 6 |  6.3
Evocations     | 1 2 4 |  4.4
Shields        | 4 5 |  5.4

Action                   |  1- 3 |  4- 6 |  7- 9 || total
-------------------------+-------+-------+-------++-------
Melee: War axe           |    62 |   157 |   302 ||   521
  Use: Scroll            |       |     9 |    15 ||    24
       Potion            |       |       |     7 ||     7
 Stab: Invisible         |       |       |     1 ||     1
       Paralysed         |       |       |     1 ||     1
Armor: Scale mail        |    59 |   112 |       ||   171
       Chain mail        |       |    16 |   222 ||   238
Dodge: Dodged            |    42 |    80 |    97 ||   219
Block: Buckler           |    11 |    50 |   117 ||   178
       Reflection        |       |       |     7 ||     7

Table legend: (Time is in decaauts)
 A = Elapsed time spent in this place.
 B = Non-inter-level travel time spent in this place.
 C = Inter-level travel time spent in this place.
 D = Time resting spent in this place.
 E = Time spent auto-exploring this place.
 F = Levels seen in this place.
 G = Mean time per level.
                   A        B        C        D        E       F      G
               +--------+--------+--------+--------+--------+-----+--------+
         Total |   8618 |   8406 |    212 |   1484 |   5202 |   9 |  957.6 |
       Dungeon |   7103 |   6891 |    212 |    966 |   4541 |   7 | 1014.7 |
         Sewer |    462 |    462 |      0 |      0 |    287 |   1 |  462.0 |
       Ossuary |   1052 |   1052 |      0 |    518 |    374 |   1 | 1052.0 |
               +--------+--------+--------+--------+--------+-----+--------+

Top non-repeatable levels by time:
     D:6: 1735 daAuts
     D:3: 1457 daAuts
     D:4: 1094 daAuts
 Ossuary: 1052 daAuts
     D:2: 957 daAuts
     D:5: 873 daAuts
     D:1: 841 daAuts
   Sewer: 462 daAuts
     D:7: 143 daAuts
